 Dungeon Crawl Stone Soup version 0.15.0-22-g71df38d (console) character file.

81 gw the Bolt Thrower (level 4, -4/27 HPs)
             Began as a Kobold Hunter on Sept 8, 2014.
             Slain by Grinder (5 damage)
             ... on Level 3 of the Dungeon.
             The game lasted 00:01:11 (2542 turns).

gw the Bolt Thrower (Kobold Hunter)                 Turns: 2542, Time: 00:01:11

HP  -4/27        AC  4     Str 10      XL: 4   Next: 68%
MP   4/4         EV 14     Int  9      God:
Gold 0           SH  0     Dex 17      Spells:  0 memorised,  3 levels left

rFire  . . .     SeeInvis +     k - -1 short sword
rCold  . . .     Clarity  .     d - +0 leather armour
rNeg   . . .     rCorr    .     (no shield)
rPois  .         rRot     .     (no helmet)
rElec  .         Spirit   .     e - +0 cloak
SustAb .         Warding  .     (no gloves)
rMut   +         Stasis   .     (no boots)
Gourm  .                        g - amulet of resist mutation
MR     .....                    (no ring)
                                p - ring of see invisible

@: not resistant to hostile enchantments, unstealthy
A: carnivore 3
a: no special abilities


You were on level 3 of the Dungeon.
You were hungry.

You visited 1 branch of the dungeon, and saw 3 of its levels.

Inventory:

Hand weapons
 b - a +1 hand crossbow
 k - a -1 short sword (weapon)
Missiles
 c - 7 bolts
 j - 16 bolts of penetration
Armour
 d - a +0 leather armour (worn)
 e - a +0 cloak (worn)
Magical devices
 i - a wand of enslavement (16)
Comestibles
 f - a meat ration
Jewellery
 g - an amulet of resist mutation (around neck)
 p - a ring of see invisible (left hand)
Potions
 h - a potion of heal wounds {unknown}


   Skills:
 + Level 2.5 Fighting
 + Level 1.5 Short Blades
 * Level 5.6 Crossbows
 + Level 3.4 Dodging
 - Level 1.3 Stealth


You had 3 spell levels left.
You didn't know any spells.

Dungeon Overview and Level Annotations

Branches:
Dungeon (3/15)

Altars:

Annotations:
D:3 Grinder


Innate Abilities, Weirdness & Mutations

You are small and have problems with some larger weapons.
You are carnivorous and can eat meat at any time.


Message History

ATTACK MOVE TO (1,-1)
You hit Grinder but do no damage.
Grinder is lightly wounded.
Grinder gestures at you.
You suddenly lose the ability to move!
Grinder hits you.
You writhe in agony.
You writhe in agony.
You can move again.
ATTACK MOVE TO (1,-1)
You hit Grinder.
Grinder is moderately wounded.
Grinder hits you.
You writhe in agony.
ATTACK MOVE TO (1,-1)
You barely miss Grinder.
Grinder is moderately wounded.
Grinder misses you.
ATTACK MOVE TO (1,-1)
You hit Grinder.
Grinder is moderately wounded.
Grinder hits you.
You writhe in agony.
You die...

. #.. #.. . #.. #(. #..
#.#.#..#### #.(.......#
........##5##############
#...%K.%..).........#
#..###.###########.## #.
#.# #######.# # #.#
#.......# #.#####.#######
#.#<....# #.####### #.#
#.#


You could see Grinder.

Table legend:
 A = Turns spent in this place as a percentage of turns spent in the entire game.
 B = Non-inter-level travel turns spent in this place as a percentage of non-inter-level travel turns spent in the entire game.
 C = Inter-level travel turns spent in this place as a percentage of turns spent in this place.
 D = Turns resting spent in this place as a percentage of non-inter-level travel turns spent in this place.
 E = Turns spent auto-exploring this place as a percentage of non-inter-level travel turns spent in this place.
 F = Non-inter-level travel turns spent in this place divided by the number of levels of this place that you've seen.
                   A       B       C       D       E      F
               +-------+-------+-------+-------+-------+----------------------
         Total | 100.0 | 100.0 |   0.3 |   6.6 |  17.5 | 198.0
       Dungeon | 100.0 | 100.0 |   0.3 |   6.6 |  17.5 | 198.0
               +-------+-------+-------+-------+-------+----------------------

Table legend:
 A = Kills in this place as a percentage of kills in entire the game.
 B = Kills by you in this place as a percentage of kills by you in the entire game.
 C = Kills by friends in this place as a percentage of kills by friends in the entire game.
 D = Other kills in this place as a percentage of other kills in the entire game.
 E = Experience gained in this place as a percentage of experience gained in the entire game.
 F = Experience gained in this place divided by the number of levels of this place that you have seen.
                   A       B       C       D       E      F
               +-------+-------+-------+-------+-------+----------------------
         Total | 100.0 | 100.0 |  -nan |  -nan | 100.0 |  39.0
       Dungeon | 100.0 | 100.0 |  -nan |  -nan | 100.0 |  39.0
               +-------+-------+-------+-------+-------+----------------------

Vanquished Creatures
  2 adders (D:2)
  A worm (D:2)
  A giant gecko (D:1)
  An orc (D:3)
  3 ball pythons
  2 giant cockroaches (D:1)
  5 hobgoblins
  13 jackals
  5 kobolds (D:1)
  A quokka (D:2)
  5 bats
  2 giant newts
  3 goblins (D:1)
  5 rats
49 creatures vanquished.

Notes
Turn   | Place    | Note
--------------------------------------------------------------
     0 | D:1      | gw, the Kobold Hunter, began the quest for the Orb.
     0 | D:1      | Reached XP level 1. HP: 12/12 MP: 1/1
   151 | D:1      | Reached XP level 2. HP: 16/16 MP: 2/2
   349 | D:1      | Reached skill level 5 in Crossbows
   785 | D:1      | Reached XP level 3. HP: 11/21 MP: 3/3
  1507 | D:2      | Reached skill level 1 in Short Blades
  1522 | D:2      | Reached XP level 4. HP: 26/26 MP: 4/4
  2480 | D:3      | Noticed Grinder
  2538 | D:3      | Paralysed by Grinder for 2 turns
  2542 | D:3      | HP: 1/27 [Grinder (5)]
  2542 | D:3      | Slain by Grinder

Action                   |  1- 3 |  4- 6 || total
-------------------------+-------+-------++-------
Melee: Short sword       |    82 |    60 ||   142
 Fire: Hand crossbow     |    39 |    24 ||    63
Evoke: Wand              |       |     1 ||     1
  Use: Scroll            |     3 |     4 ||     7
       Potion            |     3 |     2 ||     5
  Eat: Chunk             |     2 |     1 ||     3
       Pizza             |       |     1 ||     1

Vault maps used:
D:1:      dpeg_arrival_round_b
D:3:      first_bread, uniq_grinder, uniq_natasha
